SAA
LONG ISLAND SEAWOLVES @ IRVING BLUE SOX
08/10/2021
 
TOP OF THE 1ST
Long Island Seawolves batting - Pitching for Irving Blue Sox : LHP Allen Yohemas
Pitching: LHP Allen Yohemas
Batting: RHB Jim Unknown 0-0: Called Strike
0-1: Foul Ball, location: 2F
0-2: Ball
1-2: Foul Ball, location: 2F
1-2: Foul Ball, location: 2F
1-2: Strikes out swinging, 2-3 out at first.
Batting: SHB Terry Conley 0-0: Ball
1-0: Ball
2-0: Ball
3-0: Called Strike
3-1: Swinging Strike
3-2: Fly out, F8 (Flyball, 8LM)
Batting: SHB Carroll Kline 0-0: Swinging Strike
0-1: Ball
1-1: Called Strike
1-2: Strikes out swinging
Top of the 1st over - 0 run(s), 0 hit(s), 0 error(s), 0 left on base; Long Island 0 - Irving 0
BOTTOM OF THE 1ST
Irving Blue Sox batting - Pitching for Long Island Seawolves : RHP Jim Unknown
Pitching: RHP Jim Unknown
Batting: RHB Alfredo Chávez 0-0: Called Strike
0-1: Foul Ball, location: 2F
0-2: Strikes out swinging
Batting: RHB Dave Ash 0-0: Bunt for hit - play at first, batter OUT! 1-3
Batting: RHB Stewart Ralston 0-0: Ground out 6-3 (Groundball, 6)
Bottom of the 1st over - 0 run(s), 0 hit(s), 0 error(s), 0 left on base; Long Island 0 - Irving 0
TOP OF THE 2ND
Long Island Seawolves batting - Pitching for Irving Blue Sox : LHP Allen Yohemas
Batting: RHB Roy Clay 0-0: Foul Ball, location: 2F
0-1: Ball
1-1: Ground out 1-3 (Groundball, 13S)
Batting: RHB Jim Unknown 0-0: Ground out 4-3 (Groundball, 4)
Batting: RHB David Morales 0-0: Foul Ball, location: 2F
0-1: Swinging Strike
0-2: Foul Ball, location: 2F
0-2: Strikes out swinging
Top of the 2nd over - 0 run(s), 0 hit(s), 0 error(s), 0 left on base; Long Island 0 - Irving 0
BOTTOM OF THE 2ND
Irving Blue Sox batting - Pitching for Long Island Seawolves : RHP Jim Unknown
Batting: RHB Júlio López 0-0: Ground out 4-3 (Groundball, 4)
Batting: RHB Robert Jackson 0-0: Foul Ball, location: 2F
0-1: Ball
1-1: Ball
2-1: Foul Ball, location: 2F
2-2: Foul Ball, location: 2F
2-2: Foul Ball, location: 2F
2-2: Ball
3-2: Ground out 1-3 (Groundball, 15)
Batting: RHB Stan Barnes 0-0: Ball
1-0: Ball
2-0: Foul Ball, location: 2F
2-1: Ball
3-1: Called Strike
3-2: Base on Balls
Batting: RHB Dennis Newell 0-0: Called Strike
0-1: Swinging Strike
0-2: Foul Ball, location: 2F
0-2: Ball
1-2: Ground out U3 (Groundball, 3S)
Bottom of the 2nd over - 0 run(s), 0 hit(s), 0 error(s), 1 left on base; Long Island 0 - Irving 0
TOP OF THE 3RD
Long Island Seawolves batting - Pitching for Irving Blue Sox : LHP Allen Yohemas
Batting: RHB Jim Unknown 0-0: Ball
1-0: Foul Ball, location: 2F
1-1: Ground out 6-3 (Groundball, 6)
Batting: SHB Jim Unknown 0-0: Called Strike
0-1: Swinging Strike
0-2: Ball
1-2: Strikes out looking
Batting: RHB Jim Unknown 0-0: Called Strike
0-1: Ball
1-1: Ball
2-1: Ground out 5-3 (Groundball, 5S)
Top of the 3rd over - 0 run(s), 0 hit(s), 0 error(s), 0 left on base; Long Island 0 - Irving 0
BOTTOM OF THE 3RD
Irving Blue Sox batting - Pitching for Long Island Seawolves : RHP Jim Unknown
Batting: RHB Dustin Johnstone 0-0: Ball
1-0: Foul Ball, location: 2F
1-1: Ball
2-1: Called Strike
2-2: Ball
3-2: SINGLE (Groundball, 34)
Batting: RHB Jorge López 0-0: Ground out 5-3 (Groundball, 56S)
Dustin Johnstone to second
Batting: RHB Alfredo Chávez 0-0: Ball
1-0: Called Strike
1-1: Fly out, F8 (Line Drive, 8LS)
Batting: RHB Dave Ash 0-0: Ball
1-0: Ground out 1-3 (Groundball, 34S)
Bottom of the 3rd over - 0 run(s), 1 hit(s), 0 error(s), 1 left on base; Long Island 0 - Irving 0
TOP OF THE 4TH
Long Island Seawolves batting - Pitching for Irving Blue Sox : LHP Allen Yohemas
Batting: RHB Jim Unknown 0-0: Called Strike
0-1: Ball
1-1: Fly out, F8 (Flyball, 8RD)
Batting: SHB Terry Conley 0-0: Called Strike
0-1: Swinging Strike
0-2: Ball
1-2: Strikes out looking
Batting: SHB Carroll Kline 0-0: Ball
1-0: Ball
2-0: Foul Ball, location: 2F
2-1: Foul Ball, location: 2F
2-2: Foul Ball, location: 2F
2-2: Ground out 6-3 (Groundball, 56)
Top of the 4th over - 0 run(s), 0 hit(s), 0 error(s), 0 left on base; Long Island 0 - Irving 0
BOTTOM OF THE 4TH
Irving Blue Sox batting - Pitching for Long Island Seawolves : RHP Jim Unknown
Batting: RHB Stewart Ralston 0-0: Foul Ball, location: 2F
0-1: Swinging Strike
0-2: Foul Ball, location: 2F
0-2: Ball
1-2: Ball
2-2: Foul Ball, location: 2F
2-2: Ball
3-2: SINGLE (Line Drive, 7S)
Batting: RHB Júlio López 0-0: Fly out, F9 (Flyball, 89S)
Batting: RHB Robert Jackson 0-0: Ball
1-0: Ball
2-0: Ball
3-0: Called Strike
3-1: Called Strike
3-2: Foul Ball, location: 2F
3-2: Foul Ball, location: 2F
3-2: 2-RUN HOME RUN (Flyball, 7D), Distance : 412 ft
Batting: RHB Stan Barnes 0-0: Ball
1-0: Called Strike
1-1: Foul Ball, location: 2F
1-2: Fly out, F8 (Flyball, 8LM)
Batting: RHB Dennis Newell 0-0: Ball
1-0: Foul Ball, location: 2F
1-1: Ground out U3 (Groundball, 3L)
Bottom of the 4th over - 2 run(s), 2 hit(s), 0 error(s), 0 left on base; Long Island 0 - Irving 2
TOP OF THE 5TH
Long Island Seawolves batting - Pitching for Irving Blue Sox : LHP Allen Yohemas
Batting: RHB Roy Clay 0-0: Ball
1-0: Ball
2-0: Swinging Strike
2-1: Foul Ball, location: 2F
2-2: Strikes out swinging
Batting: RHB Jim Unknown 0-0: Fly out, F9 (Flyball, 9LM)
Batting: RHB David Morales 0-0: Foul Ball, location: 2F
0-1: Swinging Strike
0-2: Foul Ball, location: 2F
0-2: Fly out, F7 (Flyball, 7LS)
Top of the 5th over - 0 run(s), 0 hit(s), 0 error(s), 0 left on base; Long Island 0 - Irving 2
BOTTOM OF THE 5TH
Irving Blue Sox batting - Pitching for Long Island Seawolves : RHP Jim Unknown
Batting: RHB Dustin Johnstone 0-0: Called Strike
0-1: Fly out, F9 (Popup, 8RS)
Batting: RHB Jorge López 0-0: Swinging Strike
0-1: Swinging Strike
0-2: Ball
1-2: Strikes out swinging
Batting: RHB Alfredo Chávez 0-0: Ball
1-0: Ball
2-0: Called Strike
2-1: DOUBLE (Flyball, 9M)
Batting: RHB Dave Ash 0-0: Ball
1-0: Ground out 1-3 (Groundball, 13S)
Bottom of the 5th over - 0 run(s), 1 hit(s), 0 error(s), 1 left on base; Long Island 0 - Irving 2
TOP OF THE 6TH
Long Island Seawolves batting - Pitching for Irving Blue Sox : LHP Allen Yohemas
Batting: RHB Jim Unknown 0-0: Called Strike
0-1: Ball
1-1: Foul Ball, location: 2F
1-2: Strikes out swinging
Batting: SHB Jim Unknown 0-0: Ground out 4-3 (Groundball, 4M)
Batting: RHB Jim Unknown 0-0: Ball
1-0: Called Strike
1-1: Called Strike
1-2: Ball
2-2: Ground out 1-3 (Groundball, 15)
Top of the 6th over - 0 run(s), 0 hit(s), 0 error(s), 0 left on base; Long Island 0 - Irving 2
BOTTOM OF THE 6TH
Irving Blue Sox batting - Pitching for Long Island Seawolves : RHP Jim Unknown
Batting: RHB Stewart Ralston 0-0: Foul Ball, location: 2F
0-1: Ball
1-1: Called Strike
1-2: Ball
2-2: Ball
3-2: Ground out 6-3 (Groundball, 6M)
Batting: RHB Júlio López 0-0: Ball
1-0: Foul Ball, location: 2F
1-1: Fly out, F7 (Line Drive, 78M)
Batting: RHB Robert Jackson 0-0: Called Strike
0-1: Ball
1-1: Called Strike
1-2: Ball
2-2: Hit by Pitch
Batting: RHB Stan Barnes 0-0: Ball
Robert Jackson is caught stealing 2nd base
Bottom of the 6th over - 0 run(s), 0 hit(s), 0 error(s), 0 left on base; Long Island 0 - Irving 2
TOP OF THE 7TH
Long Island Seawolves batting - Pitching for Irving Blue Sox : LHP Allen Yohemas
Batting: RHB Jim Unknown 0-0: Ball
1-0: Called Strike
1-1: Ball
2-1: Ball
3-1: Foul Ball, location: 2F
3-2: Foul Ball, location: 2F
3-2: Strikes out looking
Batting: SHB Terry Conley 0-0: Called Strike
0-1: SINGLE (Groundball, 6MD)
Batting: SHB Carroll Kline 0-0: Ball
1-0: Ball
2-0: Called Strike
2-1: Ball
3-1: Foul Ball, location: 2F
3-2: Strikes out swinging
Batting: RHB Roy Clay 0-0: Ball
1-0: Called Strike
1-1: Ball
2-1: Swinging Strike
2-2: Foul Ball, location: 2F
2-2: Foul Ball, location: 2F
2-2: Foul Ball, location: 2F
2-2: Strikes out swinging
Top of the 7th over - 0 run(s), 1 hit(s), 0 error(s), 1 left on base; Long Island 0 - Irving 2
BOTTOM OF THE 7TH
Irving Blue Sox batting - Pitching for Long Island Seawolves : RHP Jim Unknown
Batting: RHB Stan Barnes 0-0: Foul Ball, location: 2F
0-1: Ball
1-1: Foul Ball, location: 2F
1-2: Hit by Pitch
Batting: RHB Dennis Newell 0-0: Sac Bunt - play at first, batter OUT! 3-4
Stan Barnes to second
Batting: RHB Dustin Johnstone 0-0: Ball
1-0: Ball
2-0: Fly out, F3 (Popup, 3SF)
Pitching: RHP Jim Unknown
Batting: RHB Jorge López 0-0: Swinging Strike
0-1: Swinging Strike
0-2: Strikes out swinging
Bottom of the 7th over - 0 run(s), 0 hit(s), 0 error(s), 1 left on base; Long Island 0 - Irving 2
TOP OF THE 8TH
Long Island Seawolves batting - Pitching for Irving Blue Sox : LHP Allen Yohemas
Batting: RHB Jim Unknown 0-0: Ball
1-0: SOLO HOME RUN (Flyball, 78XD), Distance : 432 ft
Batting: RHB David Morales 0-0: Ball
1-0: Fly out, F9 (Flyball, 89D)
Batting: RHB Jim Unknown 0-0: Ball
1-0: Called Strike
1-1: Called Strike
1-2: Foul Ball, location: 2F
1-2: Foul Ball, location: 2F
1-2: Fly out, F8 (Flyball, 8LM)
Batting: SHB Jim Unknown 0-0: Ball
1-0: Ball
2-0: Ball
3-0: Base on Balls
Batting: RHB Jim Unknown 0-0: Ball
1-0: Ball
2-0: Called Strike
2-1: Swinging Strike
2-2: Foul Ball, location: 2F
2-2: Foul Ball, location: 2F
2-2: Strikes out swinging
Top of the 8th over - 1 run(s), 1 hit(s), 0 error(s), 1 left on base; Long Island 1 - Irving 2
BOTTOM OF THE 8TH
Irving Blue Sox batting - Pitching for Long Island Seawolves : RHP Jim Unknown
Batting: RHB Alfredo Chávez 0-0: Foul Ball, location: 2F
0-1: Ball
1-1: Ball
2-1: Ball
3-1: Fly out, F5 (Line Drive, 56)
Batting: RHB Dave Ash 0-0: Ball
1-0: Foul Ball, location: 2F
1-1: Fly out, F7 (Flyball, 7M)
Batting: RHB Stewart Ralston 0-0: Ball
1-0: Called Strike
1-1: Ball
2-1: Ball
3-1: Base on Balls
Pinch Hitting: RHB Will Hunter 0-0: Called Strike
0-1: Ball
1-1: Ball
2-1: Foul Ball, location: 2F
2-2: Foul Ball, location: 2F
2-2: Fly out, F4 (Flyball, 8LS)
Bottom of the 8th over - 0 run(s), 0 hit(s), 0 error(s), 1 left on base; Long Island 1 - Irving 2
TOP OF THE 9TH
Long Island Seawolves batting - Pitching for Irving Blue Sox : LHP Allen Yohemas
Now at 3B: Will Hunter
Batting: RHB Jim Unknown 0-0: Ball
1-0: Called Strike
1-1: Foul Ball, location: 2F
1-2: Fly out, F7 (Flyball, 7D)
Batting: SHB Terry Conley 0-0: Ball
1-0: Ground out 6-3 (Groundball, 6M)
Batting: SHB Carroll Kline 0-0: Called Strike
0-1: Called Strike
0-2: Ball
1-2: Strikes out swinging
Top of the 9th over - 0 run(s), 0 hit(s), 0 error(s), 0 left on base; Long Island 1 - Irving 2
This league is powered by Out of the Park Baseball, the baseball management simulation game for PC, Mac and Linux
Friday, January 22nd, 2016 - OOTP Baseball 16.9 Build 39